 Dungeon Crawl Stone Soup version 0.18.1-6-gd335043 (webtiles) character file.

386 lightmor the Shield-Bearer (level 6, -6/55 HPs)
             Began as a Deep Dwarf Fighter on May 17, 2016.
             Mangled by a gnoll
             ... wielding a +0 flail
              (8 damage)
             ... on level 4 of the Dungeon.
             The game lasted 00:05:18 (2475 turns).

lightmor the Shield-Bearer (Deep Dwarf Fighter)     Turns: 2475, Time: 00:05:19

Health: -6/55      AC:  8    Str: 27    XL:     6   Next: 48%
Magic:  6/6        EV:  8    Int:  6    God:
Gold:   115        SH: 11    Dex: 14    Spells: 0 memorised, 5 levels left

rFire  . . .     SeeInvis .     a - +0 war axe
rCold  . . .     Gourm    .     b - +0 scale mail
rNeg   + . .     Faith    .     c - +0 shield
rPois  .         Spirit   .     (no helmet)
rElec  .         Dismiss  .     p - +0 cloak
rCorr  .         Reflect  .     (no gloves)
SustAt .         Harm     .     (no boots)
MR     .....                    (no amulet)
Stlth  ..........               (no ring)
                                h - ring of positive energy

@: mighty, non-regenerating, not resistant to hostile enchantments, extremely
unstealthy
A: damage resistance, recharge devices, agile 1, deterioration 1, dopey 1, sense
surroundings 1, slow regeneration 3
a: Device Recharging


You were on level 4 of the Dungeon.
You were not hungry.

You visited 1 branch of the dungeon, and saw 4 of its levels.

You collected 115 gold pieces.

Inventory:

Hand Weapons
 a - a +0 war axe (weapon)
Armour
 b - a +0 scale mail (worn)
 c - a +0 shield (worn)
 p - a +0 cloak (worn)
Jewellery
 h - a ring of positive energy (left hand)
 t - an uncursed ring of protection from cold {unknown}
Wands
 e - a wand of heal wounds (0/9)
Scrolls
 k - a scroll of remove curse
 n - 2 scrolls of teleportation
 r - a scroll of enchant weapon {unknown}
 s - a scroll of immolation {unknown}
Potions
 d - 2 potions of might
 g - a potion of degeneration
 m - a potion of ambrosia
 o - a potion of heal wounds {unknown}
 q - 2 potions of curing
Comestibles
 f - 2 bread rations
 i - a beef jerky
 j - 6 fruits
 l - a meat ration
 u - a chunk of flesh


   Skills:
 - Level 2.6 Fighting
 * Level 5.2 Axes
 - Level 3.2 Armour
 + Level 6.2 Shields
 + Level 1.6 Evocations


You had 5 spell levels left.
You didn't know any spells.

Dungeon Overview and Level Annotations

Branches:
Dungeon (4/15)
 Temple: D:4-7

Altars:
Dithmenos
Ru
Yredelemnul
Zin
The Shining One


Innate Abilities, Weirdness & Mutations

You are resistant to damage.
You can recharge devices by infusing magical energy.
You passively map a small area around you.
You do not regenerate naturally.
You are agile. (Dex +2)
Your body sometimes deteriorates upon taking damage.
You are dopey. (Int -2)


Message History

The gnoll shaman calls upon its god to speed up the gnoll.
The gnoll seems to speed up.
The gnoll completely misses you. You block the gnoll's attack.
The gnoll hits you but does no damage.
The gnoll hits you from afar with a halberd!
* * * LOW HITPOINT WARNING * * *
The gnoll shaman hits you with a club.
* * * LOW HITPOINT WARNING * * *
You block the gnoll's attack. The gnoll hits you with a spear.
* * * LOW HITPOINT WARNING * * *
The gnoll closely misses you.
You see here an enchanted flail.
Unknown command.
You closely miss the gnoll. You slash the gnoll!
The gnoll is severely wounded.
You closely miss the gnoll.
The gnoll is almost dead.
You slash the gnoll shaman!
The gnoll shaman is almost dead.
You closely miss the gnoll. The gnoll hits you with a flail!
You die...

.#####.#.# * .#
#.#.# * * ##
#.#.###### , *#* #
# #........# .# ..
# ###(####.# .#..#
*, # #)# #.# ....,
, # #<# ##.## #..#
# #.###...##g..#, #
###........@g# * #
#.........ggg.[...#
#
#.#######.####.....
* # #.# #.# ..##
######.# #?# , .#
(......# #.# , ,..
##############.# *
# *
................ ,
, #.###..<....... *
, *


You could see a gnoll shaman and 4 gnolls.

Vanquished Creatures
  An ogre (D:4)
  A sky beast (D:3)
  An orc priest (D:3)
  An iguana (D:3)
  2 orc wizards
  An adder (D:2)
  A gnoll (D:4)
  2 worms
  A dart slug (D:2)
  2 giant geckos
  9 orcs
  2 giant cockroaches (D:3)
  12 goblins
  8 hobgoblins
  4 jackals (D:4)
  A quokka (D:2)
  8 bats
  2 giant newts (D:3)
  6 kobolds
  6 rats
71 creatures vanquished.

Notes
Turn   | Place    | Note
--------------------------------------------------------------
     0 | D:1      | lightmor the Deep Dwarf Fighter began the quest for the Orb.
     0 | D:1      | Reached XP level 1. HP: 20/20 MP: 1/1
   130 | D:1      | Reached XP level 2. HP: 27/27 MP: 2/2
   186 | D:1      | Reached skill level 4 in Shields
   308 | D:1      | You fall through a shaft!
   308 | D:2      | Found a glowing golden altar of the Shining One.
   308 | D:2      | Noticed an angel
   315 | D:2      | Found a sacrificial altar of Ru.
   332 | D:2      | Reached XP level 3. HP: 22/33 MP: 3/3
   465 | D:2      | Found a shadowy altar of Dithmenos.
   581 | D:2      | Found a basalt altar of Yredelemnul.
  1069 | D:2      | Found a glowing silver altar of Zin.
  1259 | D:3      | Reached skill level 5 in Shields
  1259 | D:3      | Reached XP level 4. HP: 14/40 MP: 4/4
  1308 | D:3      | Reached XP level 5. HP: 38/46 MP: 5/5
  1725 | D:3      | Noticed a sky beast
  1735 | D:3      | Killed a sky beast
  2177 | D:3      | Gained mutation: Your body sometimes deteriorates upon taking damage. [potion of mutation]
  2177 | D:3      | Gained mutation: You are agile. (Dex +2) [potion of mutation]
  2177 | D:3      | Gained mutation: You are dopey. (Int -2) [potion of mutation]
  2280 | D:4      | Noticed an ogre
  2284 | D:4      | HP: 2/46 [ogre/giant club (18)]
  2290 | D:4      | Killed an ogre
  2290 | D:4      | Reached skill level 5 in Axes
  2290 | D:4      | Reached skill level 6 in Shields
  2290 | D:4      | Reached skill level 1 in Evocations
  2290 | D:4      | Reached XP level 6. HP: 4/55 MP: 5/5
  2474 | D:4      | HP: 2/55 [gnoll/spear (4)]
  2475 | D:4      | Mangled by a gnoll

Skill      XL: |  1  2  3  4  5 |
---------------+----------------+-----
Shields        | 4 5 6 |  6.2
Axes           | 3 4 5 |  5.2
Evocations     | 1 |  1.6
Fighting       | |  2.6
Armour         | |  3.2

Action                   |  1- 3 |  4- 6 || total
-------------------------+-------+-------++-------
Melee: War axe           |   129 |   137 ||   266
 Abil: Device Recharging |       |     1 ||     1
Evoke: Wand              |     1 |     8 ||     9
  Use: Scroll            |     3 |     5 ||     8
       Potion            |       |     2 ||     2
  Eat: Chunk             |       |     6 ||     6
Armor: Scale mail        |    69 |    62 ||   131
Dodge: Dodged            |    41 |    29 ||    70
Block: Shield            |    90 |    75 ||   165
